 Dungeon Crawl Stone Soup version 0.16.1-29-g3e760ad (webtiles) character file.

25 tyrion the Magician (level 2, 0/19 HPs)
             Began as a Mummy Wizard on June 7, 2015.
             Slain by an adder (5 damage)
             ... on level 2 of the Dungeon.
             The game lasted 00:02:48 (1093 turns).

tyrion the Magician (Mummy Wizard)                  Turns: 1093, Time: 00:02:48

Health: 0/19       AC:  2    Str: 10    XL:     2   Next: 86%
Magic:  0/6        EV: 12    Int: 17    God:
Gold:   86         SH:  0    Dex: 10    Spells: 4 memorised, 0 levels left

rFire  x . .     SeeInvis .     g - +0 short sword
rCold  + . .     Clarity  .     a - +0 robe
rNeg   + + +     SustAb   .     (no shield)
rPois  ∞         Gourm    .     b - +0 hat
rElec  .         Spirit   .     (no cloak)
rCorr  .         Warding  .     (no gloves)
rMut   .         Stasis   .     (no boots)
MR     .....                    (no amulet)
Stlth  ++........               (no ring)
                                (no ring)

@: very slightly contaminated, not resistant to hostile enchantments, unstealthy
A: no food or potions, fire vulnerability, restore body, cold resistance 1,
negative energy resistance 3, poison resistance, torment resistance, unbreathing
a: no special abilities


You were on level 2 of the Dungeon.
You were not hungry.

You visited 1 branch of the dungeon, and saw 2 of its levels.

You collected 86 gold pieces.

Inventory:

Hand weapons
 g - a +0 short sword (weapon)
Armour
 a - a +0 robe (worn)
 b - a +0 hat (worn)
Jewellery
 j - an uncursed amulet of the gourmand {unknown}
Scrolls
 d - a scroll of immolation {unknown}
 e - a scroll of fear {unknown}
 f - a scroll of teleportation {unknown}
 h - a scroll of amnesia {unknown}
 i - a scroll of enchant armour {unknown}
 k - a scroll of remove curse {unknown}
Books
 c - a book of Minor Magic

   Spells                             Type                      Level
   a - Magic Dart                     Conjuration                  1
   b - Blink                          Translocation                2
   c - Call Imp                       Summoning                    2
   d - Repel Missiles                 Charms/Air                   2
   e - Slow                           Hexes                        2
   f - Conjure Flame                  Conjuration/Fire             3
   g - Mephitic Cloud                 Conjuration/Poison/Air       3


   Skills:
 - Level 1.5 Dodging
 * Level 2.2 Stealth
 + Level 3.1 Spellcasting
 * Level 1.3 Conjurations
 - Level 0.7 Summonings
 - Level 0.7 Translocations
 * Level 0.5 Air Magic


You couldn't memorise any spells.
You knew the following spells:

 Your Spells              Type           Power        Failure   Level  Hunger
a - Magic Dart            Conj           #...         12%         1    N/A
b - Blink                 Tloc           N/A          21%         2    N/A
c - Call Imp              Summ           #.......     21%         2    N/A
d - Repel Missiles        Chrm/Air       #.....       24%         2    N/A

Dungeon Overview and Level Annotations

Branches:
Dungeon (2/15)

Altars:


Innate Abilities, Weirdness & Mutations

You do not eat or drink.
Your flesh is vulnerable to fire.
Your flesh is cold resistant.
You are immune to negative energy.
Your system is resistant to poisons.
You are immune to unholy pain and torment.
You can survive without breathing.


Message History

The adder misses you.
Casting: Magic Dart
Confirm with . or Enter, or press ? or * to list all spells.
Aiming: Magic Dart
Press: ? - help, Shift-Dir - straight line, f/p - adder
Aim: an adder (severely wounded)
You miscast Magic Dart.
You are very lightly contaminated with residual magic.
You are momentarily dazzled by a flash of light!
The adder closely misses you.
The goblin unwields an uncursed hunting sling.
The goblin wields an uncursed club.
The goblin hits you but does no damage. The adder closely misses you.
You barely miss the adder.
The adder is severely wounded.
The adder barely misses you. The goblin barely misses you.
You completely miss the adder.
The adder is severely wounded.
The adder bites you.
You die...

##.........>........##(....##..##
....................#8.....8#...#
##..................# .....##....
###.........(.......# 8...8##...#
######............# ##>## #..##
#...........# ##### #.##
...........###..# ##.## ##
#...<.†........####.(.## .##
#...).@S........(...... ..#
#......g%...######...## ..##
#.........#...# #...# (..###
#........####...####.# .....##
#.#.....## ...# #.# ........
.......## #.# #.. ..#.####
....... .. .... .##... .##..#
.... ....#.. ..# .


You could see an adder and a goblin.

Vanquished Creatures
  An adder (D:2)
  4 bats (D:1)
  3 hobgoblins (D:1)
  4 kobolds
  2 giant newts (D:2)
  6 rats
20 creatures vanquished.

Notes
Turn   | Place    | Note
--------------------------------------------------------------
     0 | D:1      | tyrion, the Mummy Wizard, began the quest for the Orb.
     0 | D:1      | Reached XP level 1. HP: 13/13 MP: 4/4
    52 | D:1      | Reached skill level 1 in Conjurations
   431 | D:1      | Reached XP level 2. HP: 19/19 MP: 0/6
   490 | D:1      | Learned a level 2 spell: Blink
   493 | D:1      | Learned a level 2 spell: Call Imp
   496 | D:1      | Learned a level 2 spell: Repel Missiles
  1093 | D:2      | Slain by an adder

Action                   || total
-------------------------++-------
Melee: Whip              ||     5
       Short sword       ||    13
 Cast: Magic Dart        ||    48
       Blink             ||     2
